Map: Daybreak LE (Void)

Players

MMA

  • Race: Terran Terran
  • Spawn Location: 7:00

MCMC (MC) - Winner!

  • Race: Protoss Protoss
  • Spawn Location: 1:00

Event: Gamers8 2023

VOD

Have the link to the VOD?

Description

Time

  • Played on: Aug. 5, 2023, 6:32 a.m.
  • Length: 7:04

All games in this series

Show
View Real Time Build Order
Export as new Build Order

MMA Terran 

Build Orders:  

Get SALT Encoding   

  12  0:00  SCV  
  13  0:12  SCV  
  14  0:20  Supply Depot  
  14  0:24  SCV  
  15  0:28  Refinery  
  15  0:41  SCV  
  16  0:45  Barracks  
  16  0:53  SCV  
  17  1:05  SCV  
  18  1:17  SCV  
  20  1:32  Reaper, Orbital Command  
  20  1:44  Command Center  
  20  1:56  Factory  
  20  1:59  SCV  
  21  2:04  Refinery  
  21  2:06  Barracks Reactor  
  21  2:11  SCV  
  22  2:17  Supply Depot  
  22  2:23  SCV  
  23  2:38  SCV  
  23  2:41  Starport  
  26  2:44  Hellion  
  26  2:47  Marine x2  
  26  2:50  SCV  
  29  2:56  Orbital Command  
  28  3:04  Marine x2  
  31  3:05  SCV  
  31  3:11  Widow Mine  
  33  3:19  Medivac  
  35  3:24  Marine  
  35  3:25  Marine  
  37  3:30  Supply Depot  
  39  3:35  Widow Mine  
  39  3:36  SCV x2  
  41  3:45  Marine x2  
  41  3:48  SCV x2  
  44  3:49  Starport Tech Lab  
  45  3:57  Factory Tech Lab  
  46  4:02  SCV  
  46  4:03  Marine x2, SCV  
  46  4:08  Raven  
  51  4:12  Supply Depot  
  51  4:17  Supply Depot  
  51  4:18  SCV x2  
  53  4:24  Marine  
  54  4:32  Bunker  
  54  4:33  Marine, SCV  
  54  4:34  SCV  
  54  4:37  Siege Tank  
  58  4:42  Marine  
  58  4:43  Bunker  
  58  4:44  Bunker  
  57  4:46  SCV  
  57  4:47  SCV  
  57  4:51  Marine  
  57  4:59  SCV x2  
  58  5:00  Marine  
  56  5:07  Barracks  
  56  5:08  Marine  
  56  5:11  SCV x2  
  56  5:12  Siege Tank  
  59  5:18  Marine  
  56  5:23  SCV x2  
  52  5:33  Marine  
  48  5:36  Marine  
  47  5:45  Siege Tank  
  47  5:48  Orbital Command  
  48  5:54  Marine  
  48  5:56  Marine  
  44  5:58  Marine  
  44  5:59  SCV  
  35  6:11  SCV  
  35  6:12  Marine  
  35  6:16  Marine  
  29  6:32  Marine x2  
  31  6:34  Marine  
Show
View Real Time Build Order
Export as new Build Order

MCMC Protoss - Winner!

Build Orders: 1 Gate Expand, Blink Stalkers 

Get SALT Encoding   

  12  0:00  Probe  
  13  0:12  Probe  
  14  0:18  Pylon  
  14  0:24  Probe  
  15  0:36  Probe (Chrono Boost)  
  15  0:38  Gateway  
  16  0:47  Assimilator, Probe (Chrono Boost)  
  17  0:52  Probe (Chrono Boost)  
  18  1:03  Probe  
  19  1:15  Probe  
  20  1:25  Cybernetics Core  
  22  1:34  Nexus  
  22  1:39  Pylon  
  20  1:43  Probe  
  21  1:48  Assimilator  
  21  1:55  Probe  
  21  2:00  Adept (Chrono Boost)  
  22  2:04  Warp Gate  
  22  2:07  Probe  
  25  2:19  Probe  
  25  2:20  Stalker (Chrono Boost)  
  27  2:31  Probe, Twilight Council  
  28  2:42  Stalker  
  30  2:46  Probe x2  
  32  2:58  Probe x2  
  32  2:59  Blink (Chrono Boost)  
  34  3:10  Probe x2  
  36  3:17  Stalker  
  38  3:22  Probe  
  38  3:23  Probe  
  40  3:28  Pylon  
  40  3:34  Gateway, Probe  
  40  3:35  Probe  
  40  3:40  Gateway  
  42  3:47  Probe x2  
  44  3:51  Robotics Facility  
  44  3:56  Stalker  
  44  4:01  Pylon  
  46  4:07  Pylon  
  46  4:08  Probe x2  
  48  4:13  Pylon  
  48  4:20  Probe, Stalker  
  48  4:21  Probe  
  47  4:35  Stalker x2  
  48  4:40  Observer  
  48  4:42  Probe x2  
  51  4:54  Probe x2  
  51  4:58  Stalker x3  
  59  5:06  Probe x2  
  61  5:18  Probe  
  62  5:22  Stalker x3  
  62  5:25  Probe  
  67  5:30  Probe  
  62  5:37  Probe  
  62  5:42  Probe  
  62  5:48  Stalker  
  62  5:49  Stalker  
  58  5:52  Stalker  
  57  5:57  Probe  
  57  5:59  Probe  
  59  6:09  Probe  
  57  6:14  Stalker x2  
  57  6:15  Stalker  
  57  6:18  Probe  
  64  6:21  Probe  
  61  6:30  Nexus  
  61  6:32  Probe  
  62  6:33  Probe  
  61  6:57  Stalker x3  
Tags
 
Add a new tag
Caveats
  • Supply blocks, unpowered buildings, or Contaminate may cause inaccurate times.
  • Supply counts are checked every 10 seconds.